 Dungeon Crawl Stone Soup version 0.29.0-4-gdea44cf6ec (webtiles) character file.

Game seed: 9671924613138613194

2216 LynnLen the Covert (level 9, -5/66 HPs)
             Began as a Spriggan Enchanter on Aug 26, 2022.
             Was a Follower of Makhleb.
             Slain by a hornet (9 damage)
             ... on level 8 of the Dungeon.
             The game lasted 00:26:46 (8831 turns).

LynnLen the Covert (Spriggan Enchanter)             Turns: 8831, Time: 00:26:47

Health: -5/66      AC:  6    Str:  4    XL:     9   Next: 13%
Magic:  3/19       EV: 18    Int: 27    God:    Makhleb [*.....]
Gold:   412        SH:  0    Dex: 21    Spells: 9/20 levels left

rFire   . . .      SeeInvis +   j - +3 dagger
rCold   . . .      Faith    .   (no shield)
rNeg    . . .      Spirit   .   b - +2 robe
rPois   .          Reflect  .   (helmet restricted)
rElec   .          Harm     .   x - +1 cloak
rCorr   .          Rampage  .   (gloves unavailable)
Will    +....                   (boots unavailable)
Stlth   ..........              (no amulet)
HPRegen 0.21/turn               s - +6 ring of dexterity
MPRegen 0.16/turn               u - +6 ring of intelligence

@: berserking (expiring), lethally poisoned (-5 -> -10), slowed, very quick
A: very small, no large weapons, unfitting armour, see invisible, speed 3
a: Renounce Religion


You were on level 8 of the Dungeon.
You worshipped Makhleb.
Makhleb was aware of your devotion.
You visited 2 branches of the dungeon, and saw 8 of its levels.

You collected 412 gold pieces.

Inventory:

Hand Weapons
 a - a +2 dagger of venom
 h - a +2 dagger of holy wrath
 j - a +3 dagger (weapon)
Missiles
 e - 58 stones
 z - 4 poisoned darts
 G - a throwing net
Armour
 b - a +2 robe (worn)
 x - a +1 cloak (worn)
Jewellery
 s - a +6 ring of dexterity (left hand)
 u - a +6 ring of intelligence (right hand)
Wands
 I - a wand of iceblast (5)
Scrolls
 d - 2 scrolls of poison {unknown}
 l - 2 scrolls of silence {unknown}
 m - 2 scrolls of butterflies
 n - 2 scrolls of immolation {unknown}
 p - 2 scrolls of vulnerability
 q - 4 scrolls of teleportation {unknown}
 t - 2 scrolls of blinking
 v - 3 scrolls of enchant weapon {unknown}
 y - a scroll of noise {unknown}
 A - a scroll of torment {unknown}
 C - a scroll of fear {unknown}
 E - a scroll of magic mapping {unknown}
 F - a scroll of identify
 H - a scroll of amnesia {unknown}
Potions
 c - 2 potions of invisibility
 f - 2 potions of berserk rage
 g - 2 potions of cancellation
 i - 6 potions of curing
 k - 3 potions of attraction
 o - 2 potions of flight
 r - a potion of haste
 w - a potion of lignification {unknown}
 B - a potion of magic {unknown}
 D - a potion of might {unknown}


   Skills:
 + Level 3.5 Fighting
 + Level 4.6 Short Blades
 - Level 2.6 Dodging
 + Level 8.5 Stealth
 + Level 6.3 Spellcasting
 + Level 2.6 Conjurations
 + Level 6.6 Hexes
 - Level 2.7 Ice Magic
 + Level 3.3 Invocations


You had 9 spell levels left.
You knew the following spells:

 Your Spells              Type           Power      Damage    Failure   Level
a - Ensorcelled Hibernat  Hex/Ice        68%        N/A       1%          2
b - Confusing Touch       Hex            44%        N/A       1%          3
c - Tukima's Dance        Hex            44%        N/A       1%          3
d - Dazzling Flash        Conj/Hex       66%        N/A       2%          3

Your spell library contained the following spells:

 Spells                   Type           Power      Damage    Failure   Level
 Scorch                   Fire           16%        2d6       10%         2
 Flame Wave               Conj/Fire      15%        2d7       34%         4
 Summon Cactus Giant      Summ           4%         N/A       100%        6


Dungeon Overview and Level Annotations

Branches:
Dungeon (6/15)             Temple (1/1) D:4

Altars:
Ashenzari
Cheibriados
Dithmenos
Elyvilon
Fedhas
Gozag
Hepliaklqana
Kikubaaqudgha
Makhleb
Nemelex Xobeh
Okawaru
Ru
Sif Muna
Trog
Uskayaw
Vehumet
Wu Jian
Yredelemnul
Zin
The Shining One

Shops:
D:1 :

Annotations:
D:8 3 transporters


Innate Abilities, Weirdness & Mutations

You are very small and have problems with some larger weapons.
You are too small for most types of armour.
You have supernaturally acute eyesight. (SInv)
You cover ground extremely quickly. (Speed+++)


Message History

Makhleb accepts your kill.
Aiming: Ensorcelled Hibernation (safe; 1% risk of failure)
Press: ? - help, Q - select action, (/) - cycle Shift-Dir - straight line, f - hornet
Aim: a hornet (chance to affect: 53%)
The hornet resists with significant effort.
The hornet stings you!
You feel yourself slow down.
A red film seems to cover your vision as you go berserk!
You feel yourself moving faster!
You feel mighty! The hornet closely misses you. x2
You closely miss the hornet. The hornet closely misses you. x2
You hit the hornet.
The hornet is lightly wounded.
The hornet misses you.
You barely miss the hornet.
The hornet is lightly wounded.
The hornet stings you.
You feel as though you will be slow longer.
You closely miss the hornet.
The hornet is lightly wounded.
The hornet stings you.
You feel as though you will be slow longer.
You hit the hornet but do no damage.
The hornet is lightly wounded.
The hornet stings you!
You are poisoned.
You feel as though you will be slow longer.
You are too berserk!
You barely miss the hornet.
The hornet is lightly wounded.
You feel sick. The hornet stings you!
* * * LOW HITPOINT WARNING * * *
You feel as though you will be slow longer.
The hornet stings you.
* * * LOW HITPOINT WARNING * * *
You feel as though you will be slow longer.
You puncture the hornet!
The hornet is heavily wounded.
* * * LOW HITPOINT WARNING * * *
You feel sick. The hornet stings you!
You die...

##############
#....##......#
.#
#....##......###
.#
#....##.......@#
.#
#.....'.....##y#
.#
#.....##....##o#
.# #
#.....########K#
.# ... #.....#
#.###.#.....
#.....#
#..)o...K...
#8...8#
#####.#.####
##©.©## ...
###.### ...#


You could see a hornet, an orc and a kobold.

Vanquished Creatures
  Grinder (D:5)
  An ice beast (D:5)
  An ogre (D:6)
  A sky beast (D:6)
  5 phantoms
  A bullfrog (D:6)
  A wyvern zombie (D:6)
  4 scorpions
  2 necrophages (D:6)
  A water moccasin zombie (D:6)
  7 hounds
  Crazy Yiuf (D:4)
  2 bullfrog zombies (D:6)
  An orc priest (D:5)
  2 jellies
  2 bullfrog skeletons (D:6)
  3 iguanas
  A centaur skeleton (D:6)
  2 orc wizards
  A howler monkey zombie (D:6)
  Robin (D:4)
  6 adders
  A shadow imp (D:6)
  A white imp (D:6)
  2 ufetubi
  3 dart slugs
  11 orcs
  9 endoplasms
  A giant cockroach (D:1)
  17 goblins
  13 hobgoblins
  3 jackals (D:4)
  10 kobolds
  5 quokkas
  5 ball pythons
  9 bats
  4 frilled lizards
  4 rats
145 creatures vanquished.

Vanquished Creatures (collateral kills)
  An orc (D:5)
1 creature vanquished.

Vanquished Creatures (others)
  2 fungi (D:4)
  3 withered plants (D:6)
5 creatures vanquished.

Grand Total: 151 creatures vanquished

Notes
Turn   | Place    | Note
-------+----------+-------------------------------------------
     0 | D:1      | LynnLen the Spriggan Enchanter began the quest for the Orb.
     0 | D:1      | Reached XP level 1. HP: 9/9 MP: 5/5
   415 | D:1      | Reached XP level 2. HP: 14/14 MP: 7/7
   419 | D:1      | Learned a level 2 spell: Ensorcelled Hibernation
  1506 | D:1      | Found Pesaecra's Vocational Training.
  1707 | D:2      | Reached skill level 5 in Stealth
  1707 | D:2      | Reached XP level 3. HP: 17/17 MP: 8/8
  1711 | D:2      | Learned a level 3 spell: Confusing Touch
  1994 | D:2      | Reached skill level 1 in Fighting
  2032 | D:2      | Learned a level 3 spell: Tukima's Dance
  2108 | D:2      | Found a faded altar of an unknown god.
  3091 | D:3      | Reached XP level 4. HP: 22/22 MP: 10/10
  3435 | D:3      | Reached skill level 1 in Ice Magic
  3841 | D:4      | Reached XP level 5. HP: 25/25 MP: 8/11
  3852 | D:4      | Learned a level 3 spell: Dazzling Flash
  4800 | D:4      | Noticed Robin
  4935 | D:4      | Killed Robin
  4936 | D:4      | Reached skill level 6 in Stealth
  4956 | D:4      | Reached XP level 6. HP: 18/30 MP: 2/13
  5529 | D:4      | Reached skill level 5 in Hexes
  5763 | D:4      | Found a staircase to the Ecumenical Temple.
  5788 | Temple   | Entered the Ecumenical Temple
  5935 | Temple   | Became a worshipper of Makhleb the Destroyer
  6045 | D:4      | Found a runed translucent door.
  6046 | D:4      | Noticed Crazy Yiuf
  6054 | D:4      | Killed Crazy Yiuf
  6114 | D:5      | Entered Level 5 of the Dungeon
  6491 | D:5      | Reached skill level 1 in Conjurations
  6600 | D:5      | Reached XP level 7. HP: 35/35 MP: 14/14
  6631 | D:5      | Noticed Grinder
  6699 | D:5      | Killed Grinder
  6700 | D:5      | Reached skill level 1 in Invocations
  6776 | D:5      | Reached skill level 5 in Spellcasting
  6873 | D:5      | Reached skill level 7 in Stealth
  7244 | D:5      | Reached XP level 8. HP: 13/39 MP: 12/16
  7602 | D:5      | Reached * piety under Makhleb
  8154 | D:6      | Reached skill level 8 in Stealth
  8293 | D:6      | Reached XP level 9. HP: 43/44 MP: 13/19
  8746 | D:6      | You fall into a shaft and drop 2 floors!
  8753 | D:8      | Found a transporter.
  8755 | D:8      | Found a transporter.
  8764 | D:8      | Found a transporter.
  8831 | D:8      | Slain by a hornet

Illustrated notes

Levels and vault maps discovered:
D:1:      minmay_arrival_wavy_path, layout_basic, minivault_11,
          grunt_decor_fettered, nicolae_shop_vocational
D:2:      layout_loops_ring, shapermc_ecumenical_altar_mp_highgroup,
          amcnicky_mini_corridor_feature
D:3:      cheibrodos_helix_gallery, layout_rooms, moated_statue,
          nicolae_kite_square_tiling_tiny
D:4:      layout_basic, minmay_temple_entry_nine_rooms, serial_curves,
          eino_curves_02, eino_curves_04, eino_curves_01,
          minmay_misc_feat_rugged, uniq_crazy_yiuf_cottage, uniq_robin
D:5:      layout_loops_cross, nicolae_figureground_sparkle, uniq_grinder
D:6:      layout_loops_corners, serial_undead, serial_undead_f, serial_undead_d,
          serial_undead_c, serial_undead_b, serial_undead_e, serial_undead_b,
          minivault_10, minmay_bent
D:8:      layout_basic, erik_lair_island, serial_shops, shop, fungi_pond_lemuel,
          nicolae_transporter_circle
Temple:   nicolae_temple_bog_church

Skill      XL: |  1  2  3  4  5  6  7  8 |
---------------+-------------------------+-----
Spellcasting   | 3 4 5 6 |  6.3
Hexes          | 4 5 6 |  6.6
Stealth        | 5 6 7 8 |  8.5
Fighting       | 1 2 3 |  3.5
Ice Magic      | 1 2 |  2.7
Short Blades   | 2 3 4 |  4.6
Conjurations   | 1 2 |  2.6
Invocations    | 2 3 |  3.3
Dodging        | |  2.6

Action                   |  1- 3 |  4- 6 |  7- 9 || total
-------------------------+-------+-------+-------++-------
Melee: Dagger            |   122 |   197 |   147 ||   466
       Punch             |     2 |     1 |       ||     3
 Cast: Ensorcelled Hiber |     9 |    30 |    16 ||    55
       Confusing Touch   |       |     2 |    19 ||    21
       Tukima's Dance    |       |     3 |       ||     3
  Use: Scroll            |     5 |     5 |     1 ||    11
       Potion            |     1 |     1 |     1 ||     3
 Stab: Sleeping          |    18 |    24 |    20 ||    62
       Distracted        |     1 |       |       ||     1
       Confused          |       |     2 |    18 ||    20
Armor: Robe              |     9 |    21 |    16 ||    46
Dodge: Dodged            |    68 |   115 |    72 ||   255
